AoeStats
← Minister of Silly Walks

Lombardia

510272219Analyzed
4v4 RM · 7h ago on Sep 30, 2026· 44m 40s· 8 players
Game mode
Random Map
Map size
Large (8 player)
Population
200
Speed
Normal
Resources
Standard
Victory
Conquest
Starting age
Dark Age
Ending age
Imperial Age
RankedLock teamsTeams togetherTeam positionsShared explorationLock speedFull tech treeHidden civsTurbo modeCheats
Victory
Defeat
🇨🇳 Britons · China
1374
+11
🇨🇳 Magyars · China
1311
+13
🇦🇺 Byzantines · Australia
1269
+15
🇨🇳 Spanish · China
1204
+18
🇪🇸 Italians · Spain
1325
-17
🇩🇪 Romans · Germany
1256
-14
🇩🇪 Berbers · Germany
1220
-13
🇫🇷 Saxons · France
1210
-13
SpawnShark
6:59 Loom
9:27 Feudal Age
10:02 Double-Bit Axe
11:42 Horse Collar
21:06 Castle Age
19:25 Gold Mining
20:29 Scale Barding Armor
22:22 Bow Saw
22:41 Heavy Plow
23:37 Gold Shaft Mining
26:51 Wheelbarrow
29:28 Hand Cart
32:46 Imperial Age
30:01 Treadmill Crane
31:52 Scale Mail Armor
32:02 Forging
31:13 Pikeman
32:55 Sanctity
33:06 Ballistics
32:50 Halberdier
33:51 Conscription
34:37 Chemistry
33:56 Chain Mail Armor
34:13 Squires
33:59 Gambesons
35:59 Plate Mail Armor
36:04 Iron Casting
36:59 Fletching
37:38 Guard Tower
39:46 Keep
39:09 Bodkin Arrow
39:12 Elite Cataphract
40:46 Chain Barding Armor
祈求好运
6:29 Loom
8:55 Feudal Age
9:36 Double-Bit Axe
14:44 Fletching
17:40 Padded Archer Armor
22:23 Castle Age
20:22 Horse Collar
23:29 Bow Saw
22:43 Crossbowman
23:56 Bodkin Arrow
28:10 Heavy Plow
29:44 Ballistics
30:28 Wheelbarrow
30:56 Leather Archer Armor
31:43 Hand Cart
36:10 Imperial Age
35:02 Gold Mining
35:04 Stone Mining
36:28 Gold Shaft Mining
36:14 Arbalester
36:55 Bracer
37:26 Ring Archer Armor
38:06 Chemistry
40:03 Conscription
42:05 Yeomen
42:42 Coinage
42:13 Caravan
我很牛逼
11:29 Loom
13:15 Feudal Age
19:41 Castle Age
17:44 Horse Collar
18:44 Double-Bit Axe
20:59 Caravan
24:30 Heavy Plow
25:49 Bow Saw
28:27 Scale Barding Armor
28:32 Forging
31:28 Husbandry
31:38 Bloodlines
32:06 Wheelbarrow
34:27 Imperial Age
33:32 Chain Barding Armor
33:47 Iron Casting
33:32 Chain Barding Armor
33:47 Iron Casting
33:33 Chain Barding Armor
34:27 Hand Cart
34:50 Cavalier
36:08 Plate Barding Armor
36:33 Blast Furnace
36:08 Plate Barding Armor
36:33 Blast Furnace
36:38 Fortified Wall
37:29 Chemistry
36:30 Paladin
37:09 Stone Mining
37:09 Gold Mining
38:44 Two-Man Saw
39:22 Bombard Tower
39:23 Ballistics
38:46 Light Cavalry
40:45 Stone Shaft Mining
40:24 Murder Holes
40:40 Masonry
40:16 Arrowslits
42:03 Conscription
41:57 Hussar
43:45 Supremacy
43:26 Inquisition
纯属意外666
7:12 Loom
9:43 Feudal Age
15:47 Double-Bit Axe
15:42 Horse Collar
17:29 Scale Barding Armor
22:52 Castle Age
21:51 Bloodlines
22:18 Fletching
22:28 Padded Archer Armor
23:37 Bodkin Arrow
23:57 Leather Archer Armor
23:55 Bow Saw
24:23 Leather Archer Armor
25:43 Light Cavalry
26:25 Husbandry
29:58 Wheelbarrow
31:29 Hand Cart
35:45 Imperial Age
33:41 Ballistics
33:19 Gold Mining
33:20 Stone Mining
33:35 Heavy Plow
35:57 Hand Cart
37:59 Chemistry
38:02 Parthian Tactics
37:49 Bracer
39:14 Heavy Cavalry Archer
40:01 Corvinian Army
41:09 Ring Archer Armor
41:06 Conscription
41:01 Thumb Ring
41:39 Capped Ram
41:46 Heavy Scorpion
43:27 Chain Barding Armor
44:14 Masonry
44:00 Murder Holes
44:10 Siege Engineers
44:44 Plate Barding Armor
44:16 Caravan
WallyGoodberg
9:11 Loom
10:56 Feudal Age
12:16 Double-Bit Axe
15:02 Castle Age
14:07 Horse Collar
24:13 Heavy Plow
25:35 Bow Saw
26:08 Gold Mining
26:08 Stone Mining
26:25 Stone Mining
28:00 Wheelbarrow
27:11 Town Watch
31:57 Imperial Age
30:29 Scale Barding Armor
30:38 Bloodlines
30:29 Husbandry
31:52 Chain Barding Armor
32:03 Forging
33:20 Plate Barding Armor
32:25 Elite Centurion
34:50 Iron Casting
34:58 Man-at-Arms
35:38 Squires
35:40 Scale Mail Armor
36:04 Conscription
35:48 Long Swordsman
36:47 Chain Mail Armor
36:04 Heavy Scorpion
37:00 Legionary
38:45 Blast Furnace
38:04 Capped Ram
40:35 Caravan
40:18 Capped Ram
40:58 Pikeman
44:24 Conscription
Minister of Silly Walks
6:27 Loom
9:51 Feudal Age
15:48 Castle Age
13:59 Horse Collar
14:14 Double-Bit Axe
23:57 Wheelbarrow
25:22 Town Watch
27:25 Squires
27:11 Arson
27:16 Gambesons
27:35 Scale Mail Armor
29:16 Caravan
31:44 Chain Mail Armor
34:56 Imperial Age
32:28 Gold Mining
34:33 Forging
37:07 Elite Varangian Guard
38:34 Conscription
37:35 Shield Wall
38:50 Plate Mail Armor
38:55 Iron Casting
40:19 Pikeman
41:38 Ballistics
Aspirante
5:57 Loom
12:02 Feudal Age
17:14 Castle Age
21:09 Double-Bit Axe
28:23 Fletching
30:35 Bodkin Arrow
32:47 Wheelbarrow
37:54 Imperial Age
37:28 Ballistics
37:23 Padded Archer Armor
39:41 Chemistry
38:54 Thumb Ring
39:28 Bow Saw
41:05 Bracer
ansaro
9:19 Feudal Age
10:33 Double-Bit Axe
10:30 Horse Collar
16:58 Forging
20:00 Scale Barding Armor
24:34 Castle Age
23:49 Gold Mining
28:22 Heavy Plow
28:39 Bow Saw
29:21 Bloodlines
30:59 Chain Barding Armor
32:44 Iron Casting
33:52 Wheelbarrow
33:04 Town Watch
34:25 Stone Mining
38:22 Imperial Age
38:34 Hand Cart
38:05 Loom
38:29 Husbandry
40:04 Cavalier
41:26 Plate Barding Armor
41:41 Crop Rotation
42:08 Heavy Camel Rider
44:09 Blast Furnace
Connection lost

Rejoining the realm…

Still unreachable

The connection could not be restored.

Session expired

The server has moved on; the page needs a fresh start.